WCHLSIM.com - West Coast Hockey League
html PUBLIC "-//W3C//DTD XHTML 1.0 Transitional//EN" "http://www.w3.org/TR/xhtml1/DTD/xhtml1-transitional.dtd"> WCHL - Game 517 - SAN DIEGO THUNDER vs SASKATOON DUCKS

SAN DIEGO THUNDER vs SASKATOON DUCKS

Created - 25 décembre 2023 at 09:41

Goals
1 2 3 T
SAN DIEGO THUNDER 0 1 1 2
SASKATOON DUCKS 4 0 2 6
Shots
1 2 3 T
SAN DIEGO THUNDER 11 9 7 27
SASKATOON DUCKS 13 8 13 34

1st period

1. SASKATOON DUCKS , Ryan Strome 6 (Artemi Panarin 13, Jake Sanderson 26) at 6:44
2. SASKATOON DUCKS , Ivan Barbashev 8 (Sidney Crosby 20) at 16:44
3. SASKATOON DUCKS , Kevin Shattenkirk 1 (Brent Burns 18, Mathieu Joseph 5) at 17:07
4. SASKATOON DUCKS , Artemi Panarin 17 (Jake Sanderson 27) at 17:45

Penalties :
Milan Lucic (SAS) for Hooking (Minor) at 14:00

2nd period

5. SAN DIEGO THUNDER , Joel Farabee 6 (Adam Boqvist 4, Wyatt Johnston 10) at 3:42

Penalties :
Erik Cernak (SDG) for Roughing (Minor) at 3:49, Milan Lucic (SAS) for Hooking (Minor) at 9:35, Alexandre Carrier (SDG) for Hooking (Minor) at 13:50

3rd period

6. SAN DIEGO THUNDER , Drake Batherson 14 (Charles McAvoy 19) at 9:37
7. SASKATOON DUCKS , Sidney Crosby 21 (Brent Burns 19, Ivan Barbashev 11) at 15:14
8. SASKATOON DUCKS , Artemi Panarin 18 (Ryan Strome 8, Jake Sanderson 28) at 15:46

Penalties :
Connor Murphy (SDG) for Hooking (Minor) at 10:17, Brent Burns (SAS) for Tripping (Minor) at 16:29

Goalie Stats

Akira Schmid (SDG), 28 saves from 34 shots - (0,824), L, 2-2-0, 60:00 minutes
Anton Forsberg (SAS), 25 saves from 27 shots - (0,926), W, 1-2-0, 60:00 minutes

Players Stats for SAN DIEGO THUNDER

Player Name              G  A  P  +/- PIM S  H  SB GA TA FO     MP     PP MP  PK MP  
------------------------------------------------------------------------------------
Adam Boqvist             0  1  1  -1  0   0  0  0  0  0  0/0    14:44   0:00   0:00 
Alexandre Carrier        0  0  0  -1  2   0  3  0  0  0  0/0    16:26   0:00   1:43 
Charles McAvoy           0  1  1  -2  0   5  0  0  0  0  0/0    24:37   3:18   3:01 
Connor Murphy            0  0  0  -1  2   0  0  0  0  0  0/0    19:51   2:39   2:09 
Denis Malgin             0  0  0   0  0   0  0  0  0  0  0/0     0:00   0:00   0:00 
Derek Forbort            0  0  0  -1  0   0  2  0  0  0  0/0    20:39   2:39   2:56 
Drake Batherson          1  0  1   0  0   4  1  0  0  0  7/24   22:47   2:50   3:29 
Elmer Soderblom          0  0  0  -2  0   1  0  0  0  0  2/2    12:47   2:58   0:00 
Erik Cernak              0  0  0  -2  2   1  4  1  0  0  0/0    23:40   3:18   2:05 
Filip Zadina             0  0  0  -3  0   1  0  0  0  0  0/1    18:22   0:00   0:00 
Frank Vatrano            0  0  0   0  0   3  1  0  0  0  0/1    19:27   2:59   0:00 
Isac Lundestrom          0  0  0   0  0   2  1  0  0  0  1/1    19:13   2:45   0:00 
Jake Neighbours          0  0  0  -1  0   0  2  0  0  0  0/1    13:16   0:00   0:00 
Joel Farabee             1  0  1  -1  0   4  2  0  0  0  2/6    18:42   2:58   2:28 
Mark Kastelic            0  0  0  -1  0   1  2  0  0  0  6/11    8:55   0:22   0:00 
Michael Pezzetta         0  0  0  -1  0   0  0  0  0  0  0/0     8:33   0:00   0:00 
Steven Lorentz           0  0  0  -2  0   2  1  0  0  0  4/17   13:18   0:00   3:29 
Wyatt Johnston           0  1  1  -1  0   3  0  1  0  0  6/17   18:43   2:59   2:28 

Players Stats for SASKATOON DUCKS

Player Name              G  A  P  +/- PIM S  H  SB GA TA FO     MP     PP MP  PK MP  
------------------------------------------------------------------------------------
Anthony Duclair          0  0  0   0  0   0  0  0  0  0  0/1     7:55   0:00   0:00 
Artemi Panarin           2  1  3   2  0   4  0  0  0  0  2/3    18:45   3:50   0:00 
Brent Burns              0  2  2   0  2   2  1  0  0  0  0/0    22:43   3:15   1:07 
Ivan Barbashev           1  1  2   2  0   6  0  0  0  0  1/5    20:57   2:07   2:50 
Jake Sanderson           0  3  3   4  0   0  2  2  0  0  0/0    25:36   3:15   1:22 
Jason Zucker             0  0  0   2  0   2  1  0  0  0  1/1    18:07   2:07   0:00 
Jaycob Megna             0  0  0   0  0   1  0  3  0  0  0/0    13:17   0:00   3:36 
Kailer Yamamoto          0  0  0   2  0   2  3  0  0  0  0/1    21:35   3:50   2:50 
Kevin Shattenkirk        1  0  1   0  0   1  3  0  0  0  0/0    22:29   2:42   2:21 
Mathieu Joseph           0  1  1   0  0   1  2  0  0  0  1/1    12:23   0:00   3:07 
Milan Lucic              0  0  0   0  4   0  0  0  0  0  0/0     7:53   0:00   0:00 
Nils Aman                0  0  0   0  0   0  0  1  0  0  4/6     7:55   0:00   0:00 
Paul Stastny             0  0  0   0  0   0  0  0  0  0  7/12    9:16   0:00   0:00 
Phil Kessel              0  0  0   0  0   2  0  0  0  0  0/1     9:16   0:00   0:00 
Ryan Strome              1  1  2   2  0   2  0  0  0  0  15/22  20:09   2:07   3:07 
Samuel Girard            0  0  0   3  0   1  1  3  0  0  0/0    23:56   2:42   3:28 
Sidney Crosby            1  1  2   2  0   10 0  0  0  0  22/28  19:50   3:50   0:00 
Wyatt Kalynuk            0  0  0   1  0   0  0  0  0  0  0/0    11:58   0:00   0:00 

3 Stars

1 - Artemi Panarin (SAS)
2 - Jake Sanderson (SAS)
3 - Ivan Barbashev (SAS)

Power Play

SAN DIEGO THUNDER - 0 on 3 Attempt(s) - 0,00%
SASKATOON DUCKS - 0 on 3 Attempt(s) - 0,00%

Penalty Kill

SAN DIEGO THUNDER - 3 on 3 Attempt(s) - 100,00% - Score 0 goal in Penalty Kill
SASKATOON DUCKS - 3 on 3 Attempt(s) - 100,00% - Score 0 goal in Penalty Kill

Team Stat

SAN DIEGO THUNDER - Hits : 19 - Faceoff Wins : 28 - Blocked Shots : 2 - Penalty Minutes : 6
SASKATOON DUCKS - Hits : 13 - Faceoff Wins : 53 - Blocked Shots : 9 - Penalty Minutes : 6

Official

Referees : Steve Kozari and Michael Markovic
Linesman : Neil Campbell and Kory Nagy

Game Notes

No Game Note

Finance

Level 1 -- Attendance: 6138 (93,00%) -- Ticket Income 859 320 $
Level 2 -- Attendance: 5522 (98,61%) -- Ticket Income 524 590 $
Level 3 -- Attendance: 2200 (100,00%) -- Ticket Income 143 000 $
Level 4 -- Attendance: 4600 (100,00%) -- Ticket Income 207 000 $
Luxury Box -- Attendance: 1000 (100,00%) -- Ticket Income 260 000 $
Total Attendance: 19460 (97,30%)
Total Ticket Income: 1 993 910 $
Other Expense: 19 939 $
Total Income: 1 973 971 $

SAN DIEGO THUNDER

5 vs 5 Forward 
   Center                   Left Wing                Right Wing               Time % Phy DF OF 
 1 Drake Batherson          Isac Lundestrom          Frank Vatrano            36     1   1  3  
 2 Wyatt Johnston           Jake Neighbours          Joel Farabee             31     1   1  3  
 3 Steven Lorentz           Elmer Soderblom          Filip Zadina             23     1   1  3  
 4 Mark Kastelic            Michael Pezzetta         Filip Zadina             10     1   1  3  

5 vs 5 Defense 
   Defense                  Defense                                           Time % Phy DF OF 
 1 Charles McAvoy           Erik Cernak                                       36     1   2  2  
 2 Connor Murphy            Derek Forbort                                     31     1   2  2  
 3 Adam Boqvist             Alexandre Carrier                                 23     1   2  2  
 4 Charles McAvoy           Erik Cernak                                       10     1   2  2  

PowerPlay Forward 
   Center                   Left Wing                Right Wing               Time % Phy DF OF 
 1 Drake Batherson          Elmer Soderblom          Joel Farabee             55     0   1  4  
 2 Wyatt Johnston           Isac Lundestrom          Frank Vatrano            45     0   1  4  

PowerPlay Defense
   Defense                  Defense                                           Time % Phy DF OF 
 1 Charles McAvoy           Erik Cernak                                       55     1   2  2  
 2 Connor Murphy            Derek Forbort                                     45     1   2  2  

Penalty Kill 4 Players Forward 
   Center                   Wing                     Time % Phy DF OF 
 1 Drake Batherson          Steven Lorentz           55     1   2  2  
 2 Joel Farabee             Wyatt Johnston           45     1   2  2  

Penalty Kill 4 Players Defense
   Defense                  Defense                  Time % Phy DF OF 
 1 Charles McAvoy           Erik Cernak              55     1   2  2  
 2 Connor Murphy            Derek Forbort            45     1   2  2  

Penalty Kill - 3 Players Forward 
   Forward                                           Time % Phy DF OF 
 1 Drake Batherson                                   55     1   2  2  
 2 Steven Lorentz                                    45     1   2  2  

Penalty Kill - 3 Players Defense
   Defense                  Defense                  Time % Phy DF OF 
 1 Charles McAvoy           Erik Cernak              55     1   2  2  
 2 Connor Murphy            Derek Forbort            45     1   2  2  

4 vs 4 Forward 
   Center                   Wing                     Time % Phy DF OF 
 1 Drake Batherson          Elmer Soderblom          55     1   2  2  
 2 Joel Farabee             Wyatt Johnston           45     1   2  2  

4 vs 4 Defense
   Defense                  Defense                  Time % Phy DF OF 
 1 Charles McAvoy           Erik Cernak              55     1   2  2  
 2 Connor Murphy            Derek Forbort            45     1   2  2  

Last Minutes Offensive
   Center                   Left Wing                Right Wing               Defense                  Defense                  
   Drake Batherson          Jake Neighbours          Joel Farabee             Charles McAvoy           Erik Cernak              

Last Minutes Defensive
   Center                   Left Wing                Right Wing               Defense                  Defense                  
   Drake Batherson          Jake Neighbours          Joel Farabee             Charles McAvoy           Erik Cernak              

Goaltenders
Starting : Akira Schmid             
Backup : Connor Hellebuyck        

Extra Forwards
Normal : Mark Kastelic, Steven Lorentz, Jake Neighbours - PP : Mark Kastelic, Steven Lorentz - PK : Jake Neighbours
Extra Defensemen
Normal : Adam Boqvist, Alexandre Carrier, Connor Murphy - PP : Adam Boqvist - PK : Alexandre Carrier, Connor Murphy
Penalty Shots
Drake Batherson, Jake Neighbours, Joel Farabee, Wyatt Johnston, Isac Lundestrom
Custom OT Lines Forwards
Drake Batherson, Jake Neighbours, Joel Farabee, Wyatt Johnston, Isac Lundestrom, Steven Lorentz, Elmer Soderblom, Filip Zadina, Denis Malgin, Mark Kastelic
Custom OT Lines Defensemen
Charles McAvoy, Erik Cernak, Connor Murphy, Derek Forbort, Adam Boqvist

Scratches
Luke Kunin (Right Hand Injury), Evander Kane (Fractured Bone in Left Hand Injury)

SASKATOON DUCKS

5 vs 5 Forward 
   Center                   Left Wing                Right Wing               Time % Phy DF OF 
 1 Sidney Crosby            Ivan Barbashev           Jason Zucker             40     0   2  3  
 2 Ryan Strome              Artemi Panarin           Kailer Yamamoto          37     0   2  3  
 3 Paul Stastny             Mathieu Joseph           Phil Kessel              18     0   3  2  
 4 Nils Aman                Milan Lucic              Anthony Duclair          5      2   2  1  

5 vs 5 Defense 
   Defense                  Defense                                           Time % Phy DF OF 
 1 Brent Burns              Kevin Shattenkirk                                 40     1   2  2  
 2 Jake Sanderson           Samuel Girard                                     30     1   2  2  
 3 Samuel Girard            Jaycob Megna                                      20     1   2  2  
 4 Wyatt Kalynuk            Jake Sanderson                                    10     1   2  2  

PowerPlay Forward 
   Center                   Left Wing                Right Wing               Time % Phy DF OF 
 1 Sidney Crosby            Artemi Panarin           Kailer Yamamoto          70     0   0  5  
 2 Ryan Strome              Jason Zucker             Ivan Barbashev           30     0   0  5  

PowerPlay Defense
   Defense                  Defense                                           Time % Phy DF OF 
 1 Jake Sanderson           Brent Burns                                       70     0   0  5  
 2 Kevin Shattenkirk        Samuel Girard                                     30     0   0  5  

Penalty Kill 4 Players Forward 
   Center                   Wing                     Time % Phy DF OF 
 1 Ryan Strome              Mathieu Joseph           55     0   4  1  
 2 Ivan Barbashev           Kailer Yamamoto          45     0   4  1  

Penalty Kill 4 Players Defense
   Defense                  Defense                  Time % Phy DF OF 
 1 Kevin Shattenkirk        Brent Burns              55     0   4  1  
 2 Samuel Girard            Jaycob Megna             45     0   4  1  

Penalty Kill - 3 Players Forward 
   Forward                                           Time % Phy DF OF 
 1 Nils Aman                                         55     0   5  0  
 2 Paul Stastny                                      45     0   5  0  

Penalty Kill - 3 Players Defense
   Defense                  Defense                  Time % Phy DF OF 
 1 Jake Sanderson           Samuel Girard            55     0   5  0  
 2 Jaycob Megna             Kevin Shattenkirk        45     0   5  0  

4 vs 4 Forward 
   Center                   Wing                     Time % Phy DF OF 
 1 Sidney Crosby            Artemi Panarin           55     1   2  2  
 2 Ryan Strome              Jason Zucker             45     1   2  2  

4 vs 4 Defense
   Defense                  Defense                  Time % Phy DF OF 
 1 Kevin Shattenkirk        Samuel Girard            55     1   2  2  
 2 Jake Sanderson           Brent Burns              45     1   2  2  

Last Minutes Offensive
   Center                   Left Wing                Right Wing               Defense                  Defense                  
   Sidney Crosby            Artemi Panarin           Ryan Strome              Brent Burns              Jake Sanderson           

Last Minutes Defensive
   Center                   Left Wing                Right Wing               Defense                  Defense                  
   Sidney Crosby            Ivan Barbashev           Kailer Yamamoto          Brent Burns              Jake Sanderson           

Goaltenders
Starting : Anton Forsberg           
Backup : Tristan Jarry            

Extra Forwards
Normal : Artemi Panarin, Sidney Crosby, Ryan Strome - PP : Sidney Crosby, Kailer Yamamoto - PK : Mathieu Joseph
Extra Defensemen
Normal : Jake Sanderson, Brent Burns, Samuel Girard - PP : Jake Sanderson - PK : Jake Sanderson, Samuel Girard
Penalty Shots
Sidney Crosby, Artemi Panarin, Jason Zucker, Ivan Barbashev, Ryan Strome
Custom OT Lines Forwards
Sidney Crosby, Artemi Panarin, Jason Zucker, Ivan Barbashev, Ryan Strome, Phil Kessel, Kailer Yamamoto, Paul Stastny, Mathieu Joseph, Nils Aman
Custom OT Lines Defensemen
Jake Sanderson, Brent Burns, Samuel Girard, Kevin Shattenkirk, Jaycob Megna

Scratches
Jake Guentzel (Torso Injury), Roman Josi (Healthy)

% Time on Ice - SAN DIEGO THUNDER

Lines # - Real PCT - Wanted PCT - Time Play
Normal Forward
1 - 34% - 36% - 16:28
2 - 28% - 31% - 13:16
3 - 20% - 23% - 9:49
4 - 18% - 10% - 8:33
Normal Defense
1 - 34% - 36% - 16:18
2 - 31% - 31% - 15:04
3 - 31% - 23% - 14:44
4 - 4% - 10% - 2:00
PP Forward
1 - 50% - 55% - 2:58
2 - 50% - 45% - 2:59
PP Defense
1 - 55% - 55% - 3:18
2 - 45% - 45% - 2:39
PK Forward
1 - 59% - 55% - 3:29
2 - 41% - 45% - 2:28
PK Defense
1 - 51% - 55% - 3:01
2 - 49% - 45% - 2:56
PK3 Forward
1 - 0% - 55%
2 - 0% - 45%
PK3 Defense
1 - 0% - 55%
2 - 0% - 45%
44 Forward
1 - 0% - 55%
2 - 0% - 45%
44 Defense
1 - 0% - 55%
2 - 0% - 45%
Last Minute Offensive  - 0:00
Last Minute Defensive  - 0:00
Total
Forward - 60:00
Defense - 60:00

% Time on Ice - SASKATOON DUCKS

Lines # - Real PCT - Wanted PCT - Time Play
Normal Forward
1 - 33% - 40% - 16:00
2 - 31% - 37% - 14:55
3 - 19% - 18% - 9:16
4 - 16% - 5% - 7:55
Normal Defense
1 - 36% - 40% - 17:26
2 - 19% - 30% - 9:01
3 - 20% - 20% - 9:41
4 - 25% - 10% - 11:58
PP Forward
1 - 64% - 70% - 3:50
2 - 36% - 30% - 2:07
PP Defense
1 - 55% - 70% - 3:15
2 - 45% - 30% - 2:42
PK Forward
1 - 52% - 55% - 3:07
2 - 48% - 45% - 2:50
PK Defense
1 - 42% - 55% - 2:29
2 - 58% - 45% - 3:28
PK3 Forward
1 - 0% - 55%
2 - 0% - 45%
PK3 Defense
1 - 0% - 55%
2 - 0% - 45%
44 Forward
1 - 0% - 55%
2 - 0% - 45%
44 Defense
1 - 0% - 55%
2 - 0% - 45%
Last Minute Offensive  - 0:00
Last Minute Defensive  - 0:00
Total
Forward - 60:00
Defense - 60:00

Play-by-Play

1st period


0:01 of 1st period - Sidney Crosby wins face-off versus Drake Batherson in neutral zone.
0:06 of 1st period - Shot by Sidney Crosby.
0:06 of 1st period - Stopped by Akira Schmid with a rebound.
0:23 of 1st period - Ivan Barbashev is hit by Erik Cernak and loses puck.
0:36 of 1st period - Shot by Sidney Crosby.
0:36 of 1st period - Stopped by Akira Schmid with a rebound.
0:42 of 1st period - Brent Burns is hit by Frank Vatrano and loses puck.
0:52 of 1st period - Icing by Brent Burns.
0:53 of 1st period - Jason Zucker wins face-off versus Joel Farabee in SASKATOON DUCKS zone.
1:19 of 1st period - Joel Farabee is hit by Jake Sanderson and loses puck.
1:22 of 1st period - Shot by Joel Farabee.
1:22 of 1st period - Stopped by Anton Forsberg with a rebound.
2:07 of 1st period - Shot by Steven Lorentz.
2:07 of 1st period - Stopped by Anton Forsberg without a rebound.
2:08 of 1st period - Paul Stastny wins face-off versus Drake Batherson in SASKATOON DUCKS zone.
3:02 of 1st period - Icing by Charles McAvoy.
3:03 of 1st period - Sidney Crosby wins face-off versus Drake Batherson in SAN DIEGO THUNDER zone.
3:11 of 1st period - Charles McAvoy is hit by Jason Zucker and loses puck.
3:43 of 1st period - Sidney Crosby is hit by Alexandre Carrier and loses puck.
4:07 of 1st period - Jake Sanderson is hit by Mark Kastelic and loses puck.
4:28 of 1st period - Artemi Panarin is hit by Jake Neighbours and loses puck.
4:58 of 1st period - Jake Neighbours is hit by Kailer Yamamoto.
5:59 of 1st period - Shot by Drake Batherson.
5:59 of 1st period - Stopped by Anton Forsberg without a rebound.
6:00 of 1st period - Paul Stastny wins face-off versus Steven Lorentz in SASKATOON DUCKS zone.
6:00 of 1st period - Paul Stastny is hit by Steven Lorentz.
6:12 of 1st period - Off-side.
6:13 of 1st period - Ryan Strome wins face-off versus Mark Kastelic in neutral zone.
6:26 of 1st period - Shot by Artemi Panarin.
6:26 of 1st period - Stopped by Akira Schmid without a rebound.
6:27 of 1st period - Sidney Crosby wins face-off versus Steven Lorentz in SAN DIEGO THUNDER zone.
6:35 of 1st period - Icing by Steven Lorentz.
6:36 of 1st period - Ryan Strome wins face-off versus Steven Lorentz in SAN DIEGO THUNDER zone.
6:36 of 1st period - Ryan Strome is hit by Erik Cernak.
6:44 of 1st period - Shot by Ryan Strome.
6:44 of 1st period - Goal by Ryan Strome - SAN DIEGO THUNDER : 0 - SASKATOON DUCKS : 1.
6:45 of 1st period - Wyatt Johnston wins face-off versus Sidney Crosby in neutral zone.
7:46 of 1st period - Kailer Yamamoto is hit by Derek Forbort and loses puck.
9:28 of 1st period - Shot by Frank Vatrano.
9:28 of 1st period - Stopped by Anton Forsberg without a rebound.
9:29 of 1st period - Sidney Crosby wins face-off versus Mark Kastelic in SASKATOON DUCKS zone.
9:38 of 1st period - Shot by Sidney Crosby.
9:38 of 1st period - Shot Blocked by Erik Cernak.
10:03 of 1st period - Icing by Erik Cernak.
10:04 of 1st period - Ryan Strome wins face-off versus Mark Kastelic in SAN DIEGO THUNDER zone.
10:25 of 1st period - Drake Batherson is hit by Kailer Yamamoto and loses puck.
10:56 of 1st period - Shot by Drake Batherson.
10:56 of 1st period - Stopped by Anton Forsberg without a rebound.
10:57 of 1st period - Sidney Crosby wins face-off versus Wyatt Johnston in SASKATOON DUCKS zone.
10:57 of 1st period - Sidney Crosby is hit by Jake Neighbours.
11:13 of 1st period - Shot by Sidney Crosby.
11:13 of 1st period - Stopped by Akira Schmid without a rebound.
11:14 of 1st period - Paul Stastny wins face-off versus Steven Lorentz in SAN DIEGO THUNDER zone.
11:17 of 1st period - Shot by Mathieu Joseph.
11:17 of 1st period - Stopped by Akira Schmid without a rebound.
11:18 of 1st period - Sidney Crosby wins face-off versus Wyatt Johnston in SAN DIEGO THUNDER zone.
11:55 of 1st period - Shot by Sidney Crosby.
11:55 of 1st period - Shot Hit the Post.
11:57 of 1st period - Shot by Jake Sanderson.
11:57 of 1st period - Shot Blocked by Wyatt Johnston.
11:59 of 1st period - Shot by Samuel Girard.
11:59 of 1st period - Deflect By Sidney Crosby.
11:59 of 1st period - Shot Misses the Net.
12:51 of 1st period - Shot by Steven Lorentz.
12:51 of 1st period - Shot Misses the Net.
12:53 of 1st period - Shot by Charles McAvoy.
12:53 of 1st period - Stopped by Anton Forsberg without a rebound.
12:54 of 1st period - Ryan Strome wins face-off versus Drake Batherson in SASKATOON DUCKS zone.
13:14 of 1st period - Shot by Artemi Panarin.
13:14 of 1st period - Stopped by Akira Schmid with a rebound.
13:16 of 1st period - Shot by Jaycob Megna.
13:16 of 1st period - Stopped by Akira Schmid without a rebound.
13:17 of 1st period - Mark Kastelic wins face-off versus Nils Aman in SAN DIEGO THUNDER zone.
14:00 of 1st period - Minor Penalty to Milan Lucic for Hooking.
14:01 of 1st period - Ryan Strome wins face-off versus Drake Batherson in SASKATOON DUCKS zone.
14:39 of 1st period - Icing by Connor Murphy.
14:40 of 1st period - Ryan Strome wins face-off versus Drake Batherson in SAN DIEGO THUNDER zone.
14:48 of 1st period - Joel Farabee is hit by Samuel Girard and loses puck.
15:17 of 1st period - Shot by Frank Vatrano.
15:17 of 1st period - Deflect By Wyatt Johnston.
15:17 of 1st period - Stopped by Anton Forsberg without a rebound.
15:18 of 1st period - Ivan Barbashev wins face-off versus Wyatt Johnston in SASKATOON DUCKS zone.
15:31 of 1st period - Shot by Charles McAvoy.
15:31 of 1st period - Stopped by Anton Forsberg with a rebound.
15:39 of 1st period - Shot by Frank Vatrano.
15:39 of 1st period - Shot Misses the Net.
15:47 of 1st period - Shot by Charles McAvoy.
15:47 of 1st period - Stopped by Anton Forsberg without a rebound.
15:48 of 1st period - Elmer Soderblom wins face-off versus Kailer Yamamoto in SASKATOON DUCKS zone.
16:05 of 1st period - Shot by Mark Kastelic.
16:05 of 1st period - Stopped by Anton Forsberg without a rebound.
16:06 of 1st period - Sidney Crosby wins face-off versus Mark Kastelic in SASKATOON DUCKS zone.
16:06 of 1st period - Sidney Crosby is hit by Mark Kastelic.
16:44 of 1st period - Shot by Ivan Barbashev.
16:44 of 1st period - Goal by Ivan Barbashev - SAN DIEGO THUNDER : 0 - SASKATOON DUCKS : 2.
16:45 of 1st period - Ryan Strome wins face-off versus Drake Batherson in neutral zone.
16:45 of 1st period - Ryan Strome is hit by Isac Lundestrom.
16:59 of 1st period - Off-side.
17:00 of 1st period - Paul Stastny wins face-off versus Joel Farabee in neutral zone.
17:03 of 1st period - Shot by Mathieu Joseph.
17:03 of 1st period - Shot Misses the Net.
17:05 of 1st period - Shot by Brent Burns.
17:05 of 1st period - Shot Misses the Net.
17:07 of 1st period - Shot by Kevin Shattenkirk.
17:07 of 1st period - Goal by Kevin Shattenkirk - SAN DIEGO THUNDER : 0 - SASKATOON DUCKS : 3.
17:08 of 1st period - Ryan Strome wins face-off versus Drake Batherson in neutral zone.
17:45 of 1st period - Shot by Artemi Panarin.
17:45 of 1st period - Goal by Artemi Panarin - SAN DIEGO THUNDER : 0 - SASKATOON DUCKS : 4.
17:46 of 1st period - Sidney Crosby wins face-off versus Steven Lorentz in neutral zone.
17:51 of 1st period - Shot by Sidney Crosby.
17:51 of 1st period - Shot Misses the Net.
17:53 of 1st period - Shot by Brent Burns.
17:53 of 1st period - Stopped by Akira Schmid without a rebound.
17:54 of 1st period - Steven Lorentz wins face-off versus Ivan Barbashev in SAN DIEGO THUNDER zone.
18:29 of 1st period - Shot by Ivan Barbashev.
18:29 of 1st period - Stopped by Akira Schmid without a rebound.
18:30 of 1st period - Ryan Strome wins face-off versus Drake Batherson in SAN DIEGO THUNDER zone.
19:08 of 1st period - Icing by Charles McAvoy.
19:09 of 1st period - Sidney Crosby wins face-off versus Drake Batherson in SAN DIEGO THUNDER zone.
19:22 of 1st period - Shot by Frank Vatrano.
19:22 of 1st period - Stopped by Anton Forsberg without a rebound.
19:23 of 1st period - Steven Lorentz wins face-off versus Paul Stastny in SASKATOON DUCKS zone.
19:24 of 1st period - Shot by Elmer Soderblom.
19:24 of 1st period - Shot Misses the Net.
19:43 of 1st period - Shot by Steven Lorentz.
19:43 of 1st period - Shot Misses the Net.
19:51 of 1st period - Shot by Steven Lorentz.
19:51 of 1st period - Shot Misses the Net.
Goals for this period are 0 for SAN DIEGO THUNDER vs 4 for SASKATOON DUCKS.
Shots for this period are 11 for SAN DIEGO THUNDER vs 13 for SASKATOON DUCKS.

2nd period


0:01 of 2nd period - Sidney Crosby wins face-off versus Jake Neighbours in neutral zone.
0:20 of 2nd period - Shot by Joel Farabee.
0:20 of 2nd period - Stopped by Anton Forsberg without a rebound.
0:21 of 2nd period - Drake Batherson wins face-off versus Ryan Strome in SASKATOON DUCKS zone.
0:31 of 2nd period - Icing by Derek Forbort.
0:32 of 2nd period - Drake Batherson wins face-off versus Sidney Crosby in SAN DIEGO THUNDER zone.
1:21 of 2nd period - Icing by Jake Sanderson.
1:22 of 2nd period - Sidney Crosby wins face-off versus Wyatt Johnston in SASKATOON DUCKS zone.
1:59 of 2nd period - Erik Cernak is hit by Brent Burns and loses puck.
2:38 of 2nd period - Shot by Steven Lorentz.
2:38 of 2nd period - Stopped by Anton Forsberg without a rebound.
2:39 of 2nd period - Drake Batherson wins face-off versus Nils Aman in SASKATOON DUCKS zone.
2:48 of 2nd period - Shot by Drake Batherson.
2:48 of 2nd period - Shot Misses the Net.
3:00 of 2nd period - Shot by Drake Batherson.
3:00 of 2nd period - Stopped by Anton Forsberg without a rebound.
3:01 of 2nd period - Mark Kastelic wins face-off versus Sidney Crosby in SASKATOON DUCKS zone.
3:12 of 2nd period - Shot by Ivan Barbashev.
3:12 of 2nd period - Stopped by Akira Schmid without a rebound.
3:13 of 2nd period - Wyatt Johnston wins face-off versus Ryan Strome in SAN DIEGO THUNDER zone.
3:42 of 2nd period - Shot by Joel Farabee.
3:42 of 2nd period - Goal by Joel Farabee - SAN DIEGO THUNDER : 1 - SASKATOON DUCKS : 4.
3:43 of 2nd period - Sidney Crosby wins face-off versus Steven Lorentz in neutral zone.
3:49 of 2nd period - Minor Penalty to Erik Cernak for Roughing.
3:50 of 2nd period - Artemi Panarin wins face-off versus Drake Batherson in SAN DIEGO THUNDER zone.
4:33 of 2nd period - Icing by Brent Burns.
4:34 of 2nd period - Joel Farabee wins face-off versus Sidney Crosby in SASKATOON DUCKS zone.
4:45 of 2nd period - Shot by Joel Farabee.
4:45 of 2nd period - Deflect By Wyatt Johnston.
4:45 of 2nd period - Shot Misses the Net.
5:57 of 2nd period - Icing by Charles McAvoy.
5:58 of 2nd period - Nils Aman wins face-off versus Mark Kastelic in SAN DIEGO THUNDER zone.
6:02 of 2nd period - Icing by Charles McAvoy.
6:03 of 2nd period - Mark Kastelic wins face-off versus Phil Kessel in SAN DIEGO THUNDER zone.
6:03 of 2nd period - Mark Kastelic is hit by Mathieu Joseph.
6:10 of 2nd period - Off-side.
6:11 of 2nd period - Wyatt Johnston wins face-off versus Paul Stastny in neutral zone.
6:31 of 2nd period - Icing by Kevin Shattenkirk.
6:32 of 2nd period - Drake Batherson wins face-off versus Paul Stastny in SASKATOON DUCKS zone.
6:51 of 2nd period - Shot by Phil Kessel.
6:51 of 2nd period - Deflect By Paul Stastny.
6:51 of 2nd period - Shot Misses the Net.
9:22 of 2nd period - Off-side.
9:23 of 2nd period - Nils Aman wins face-off versus Drake Batherson in neutral zone.
9:35 of 2nd period - Minor Penalty to Milan Lucic for Hooking.
9:36 of 2nd period - Wyatt Johnston wins face-off versus Ryan Strome in SASKATOON DUCKS zone.
9:45 of 2nd period - Shot by Frank Vatrano.
9:45 of 2nd period - Deflect By Isac Lundestrom.
9:45 of 2nd period - Stopped by Anton Forsberg without a rebound.
9:46 of 2nd period - Ryan Strome wins face-off versus Wyatt Johnston in SASKATOON DUCKS zone.
10:17 of 2nd period - Shot by Charles McAvoy.
10:17 of 2nd period - Stopped by Anton Forsberg without a rebound.
10:18 of 2nd period - Drake Batherson wins face-off versus Ivan Barbashev in SASKATOON DUCKS zone.
11:07 of 2nd period - Shot by Charles McAvoy.
11:07 of 2nd period - Shot Misses the Net.
11:17 of 2nd period - Shot by Charles McAvoy.
11:17 of 2nd period - Shot Misses the Net.
11:19 of 2nd period - Shot by Frank Vatrano.
11:19 of 2nd period - Shot Misses the Net.
11:29 of 2nd period - Shot by Frank Vatrano.
11:29 of 2nd period - Shot Misses the Net.
11:31 of 2nd period - Shot by Erik Cernak.
11:31 of 2nd period - Shot Blocked by Samuel Girard.
11:33 of 2nd period - Shot by Wyatt Johnston.
11:33 of 2nd period - Stopped by Anton Forsberg without a rebound.
11:34 of 2nd period - Mathieu Joseph wins face-off versus Drake Batherson in SASKATOON DUCKS zone.
11:34 of 2nd period - Mathieu Joseph is hit by Drake Batherson.
11:47 of 2nd period - Icing by Filip Zadina.
11:48 of 2nd period - Mark Kastelic wins face-off versus Paul Stastny in SAN DIEGO THUNDER zone.
13:06 of 2nd period - Shot by Charles McAvoy.
13:06 of 2nd period - Stopped by Anton Forsberg without a rebound.
13:07 of 2nd period - Ryan Strome wins face-off versus Wyatt Johnston in SASKATOON DUCKS zone.
13:20 of 2nd period - Shot by Artemi Panarin.
13:20 of 2nd period - Shot Misses the Net.
13:22 of 2nd period - Shot by Kailer Yamamoto.
13:22 of 2nd period - Stopped by Akira Schmid without a rebound.
13:23 of 2nd period - Sidney Crosby wins face-off versus Steven Lorentz in SAN DIEGO THUNDER zone.
13:46 of 2nd period - Shot by Ivan Barbashev.
13:46 of 2nd period - Deflect By Sidney Crosby.
13:46 of 2nd period - Stopped by Akira Schmid with a rebound.
13:48 of 2nd period - Shot by Brent Burns.
13:48 of 2nd period - Shot Misses the Net.
13:50 of 2nd period - Shot by Ivan Barbashev.
13:50 of 2nd period - Deflect By Sidney Crosby.
13:50 of 2nd period - Stopped by Akira Schmid without a rebound.
13:50 of 2nd period - Minor Penalty to Alexandre Carrier for Hooking.
13:51 of 2nd period - Artemi Panarin wins face-off versus Drake Batherson in SAN DIEGO THUNDER zone.
14:44 of 2nd period - Shot by Samuel Girard.
14:44 of 2nd period - Stopped by Akira Schmid without a rebound.
14:45 of 2nd period - Ryan Strome wins face-off versus Joel Farabee in SAN DIEGO THUNDER zone.
15:06 of 2nd period - Shot by Ivan Barbashev.
15:06 of 2nd period - Stopped by Akira Schmid without a rebound.
15:07 of 2nd period - Sidney Crosby wins face-off versus Drake Batherson in SAN DIEGO THUNDER zone.
16:49 of 2nd period - Shot by Drake Batherson.
16:49 of 2nd period - Shot Misses the Net.
16:51 of 2nd period - Shot by Isac Lundestrom.
16:51 of 2nd period - Shot Misses the Net.
16:53 of 2nd period - Shot by Connor Murphy.
16:53 of 2nd period - Shot Blocked by Jaycob Megna.
17:58 of 2nd period - Icing by Mathieu Joseph.
17:59 of 2nd period - Paul Stastny wins face-off versus Steven Lorentz in SASKATOON DUCKS zone.
18:16 of 2nd period - Shot by Jason Zucker.
18:16 of 2nd period - Stopped by Akira Schmid with a rebound.
18:28 of 2nd period - Shot by Sidney Crosby.
18:28 of 2nd period - Stopped by Akira Schmid without a rebound.
18:29 of 2nd period - Wyatt Johnston wins face-off versus Ryan Strome in SAN DIEGO THUNDER zone.
19:49 of 2nd period - Shot by Frank Vatrano.
19:49 of 2nd period - Stopped by Anton Forsberg without a rebound.
19:50 of 2nd period - Sidney Crosby wins face-off versus Steven Lorentz in SASKATOON DUCKS zone.
Goals for this period are 1 for SAN DIEGO THUNDER vs 0 for SASKATOON DUCKS.
Shots for this period are 9 for SAN DIEGO THUNDER vs 8 for SASKATOON DUCKS.

3rd period


0:01 of 3rd period - Isac Lundestrom wins face-off versus Ivan Barbashev in neutral zone.
0:18 of 3rd period - Shot by Drake Batherson.
0:18 of 3rd period - Shot Misses the Net.
0:23 of 3rd period - Frank Vatrano is hit by Jake Sanderson and loses puck.
0:30 of 3rd period - Shot by Frank Vatrano.
0:30 of 3rd period - Shot Blocked by Jake Sanderson.
0:32 of 3rd period - Shot by Erik Cernak.
0:32 of 3rd period - Shot Blocked by Jake Sanderson.
0:51 of 3rd period - Icing by Sidney Crosby.
0:52 of 3rd period - Wyatt Johnston wins face-off versus Sidney Crosby in SASKATOON DUCKS zone.
1:05 of 3rd period - Shot by Joel Farabee.
1:05 of 3rd period - Stopped by Anton Forsberg without a rebound.
1:06 of 3rd period - Ryan Strome wins face-off versus Filip Zadina in SASKATOON DUCKS zone.
1:26 of 3rd period - Icing by Alexandre Carrier.
1:27 of 3rd period - Paul Stastny wins face-off versus Steven Lorentz in SAN DIEGO THUNDER zone.
1:27 of 3rd period - Mathieu Joseph is hit by Alexandre Carrier and loses puck.
1:31 of 3rd period - Icing by Alexandre Carrier.
1:32 of 3rd period - Elmer Soderblom wins face-off versus Ryan Strome in SAN DIEGO THUNDER zone.
1:59 of 3rd period - Shot by Ryan Strome.
1:59 of 3rd period - Stopped by Akira Schmid without a rebound.
2:00 of 3rd period - Sidney Crosby wins face-off versus Wyatt Johnston in SAN DIEGO THUNDER zone.
2:02 of 3rd period - Jason Zucker is hit by Erik Cernak and loses puck.
2:05 of 3rd period - Shot by Sidney Crosby.
2:05 of 3rd period - Stopped by Akira Schmid without a rebound.
2:06 of 3rd period - Sidney Crosby wins face-off versus Wyatt Johnston in SAN DIEGO THUNDER zone.
2:34 of 3rd period - Shot by Sidney Crosby.
2:34 of 3rd period - Stopped by Akira Schmid without a rebound.
2:35 of 3rd period - Ryan Strome wins face-off versus Drake Batherson in SAN DIEGO THUNDER zone.
3:06 of 3rd period - Shot by Kailer Yamamoto.
3:06 of 3rd period - Stopped by Akira Schmid with a rebound.
3:58 of 3rd period - Shot by Ivan Barbashev.
3:58 of 3rd period - Stopped by Akira Schmid without a rebound.
3:59 of 3rd period - Paul Stastny wins face-off versus Steven Lorentz in SAN DIEGO THUNDER zone.
4:11 of 3rd period - Icing by Adam Boqvist.
4:12 of 3rd period - Nils Aman wins face-off versus Steven Lorentz in SAN DIEGO THUNDER zone.
4:55 of 3rd period - Nils Aman is hit by Joel Farabee and loses puck.
6:01 of 3rd period - Drake Batherson is hit by Kevin Shattenkirk and loses puck.
6:09 of 3rd period - Drake Batherson is hit by Kevin Shattenkirk and loses puck.
6:20 of 3rd period - Shot by Drake Batherson.
6:20 of 3rd period - Deflect By Frank Vatrano.
6:20 of 3rd period - Shot Misses the Net.
6:25 of 3rd period - Drake Batherson is hit by Kevin Shattenkirk and loses puck.
6:48 of 3rd period - Shot by Adam Boqvist.
6:48 of 3rd period - Shot Misses the Net.
6:50 of 3rd period - Shot by Filip Zadina.
6:50 of 3rd period - Shot Misses the Net.
7:18 of 3rd period - Shot by Artemi Panarin.
7:18 of 3rd period - Shot Misses the Net.
7:42 of 3rd period - Shot by Wyatt Johnston.
7:42 of 3rd period - Shot Blocked by Samuel Girard.
8:08 of 3rd period - Shot by Elmer Soderblom.
8:08 of 3rd period - Stopped by Anton Forsberg with a rebound.
8:12 of 3rd period - Shot by Derek Forbort.
8:12 of 3rd period - Shot Misses the Net.
8:51 of 3rd period - Shot by Phil Kessel.
8:51 of 3rd period - Stopped by Akira Schmid with a rebound.
8:53 of 3rd period - Shot by Phil Kessel.
8:53 of 3rd period - Stopped by Akira Schmid without a rebound.
8:54 of 3rd period - Nils Aman wins face-off versus Wyatt Johnston in SAN DIEGO THUNDER zone.
9:05 of 3rd period - Shot by Wyatt Johnston.
9:05 of 3rd period - Shot Blocked by Nils Aman.
9:09 of 3rd period - Shot by Wyatt Johnston.
9:09 of 3rd period - Stopped by Anton Forsberg without a rebound.
9:10 of 3rd period - Drake Batherson wins face-off versus Paul Stastny in SASKATOON DUCKS zone.
9:37 of 3rd period - Shot by Drake Batherson.
9:37 of 3rd period - Goal by Drake Batherson - SAN DIEGO THUNDER : 2 - SASKATOON DUCKS : 4.
9:38 of 3rd period - Sidney Crosby wins face-off versus Steven Lorentz in neutral zone.
9:41 of 3rd period - Shot by Sidney Crosby.
9:41 of 3rd period - Stopped by Akira Schmid without a rebound.
9:42 of 3rd period - Sidney Crosby wins face-off versus Wyatt Johnston in SAN DIEGO THUNDER zone.
9:42 of 3rd period - Jake Sanderson is hit by Derek Forbort and loses puck.
9:47 of 3rd period - Shot by Sidney Crosby.
9:47 of 3rd period - Shot Misses the Net.
9:59 of 3rd period - Shot by Ivan Barbashev.
9:59 of 3rd period - Stopped by Akira Schmid with a rebound.
10:17 of 3rd period - Minor Penalty to Connor Murphy for Hooking.
10:18 of 3rd period - Drake Batherson wins face-off versus Sidney Crosby in SAN DIEGO THUNDER zone.
10:59 of 3rd period - Shot by Sidney Crosby.
10:59 of 3rd period - Shot Hit the Post.
11:18 of 3rd period - Shot by Jason Zucker.
11:18 of 3rd period - Stopped by Akira Schmid without a rebound.
11:19 of 3rd period - Joel Farabee wins face-off versus Ryan Strome in SAN DIEGO THUNDER zone.
11:45 of 3rd period - Shot by Brent Burns.
11:45 of 3rd period - Stopped by Akira Schmid without a rebound.
11:46 of 3rd period - Sidney Crosby wins face-off versus Joel Farabee in SAN DIEGO THUNDER zone.
12:19 of 3rd period - Mathieu Joseph is hit by Erik Cernak and loses puck.
12:33 of 3rd period - Erik Cernak is hit by Mathieu Joseph and loses puck.
13:40 of 3rd period - Shot by Drake Batherson.
13:40 of 3rd period - Shot Blocked by Jaycob Megna.
14:33 of 3rd period - Shot by Wyatt Johnston.
14:33 of 3rd period - Shot Misses the Net.
14:40 of 3rd period - Icing by Milan Lucic.
14:41 of 3rd period - Steven Lorentz wins face-off versus Anthony Duclair in SASKATOON DUCKS zone.
14:46 of 3rd period - Shot by Filip Zadina.
14:46 of 3rd period - Stopped by Anton Forsberg without a rebound.
14:47 of 3rd period - Sidney Crosby wins face-off versus Wyatt Johnston in SASKATOON DUCKS zone.
15:14 of 3rd period - Shot by Sidney Crosby.
15:14 of 3rd period - Goal by Sidney Crosby - SAN DIEGO THUNDER : 2 - SASKATOON DUCKS : 5.
15:15 of 3rd period - Steven Lorentz wins face-off versus Artemi Panarin in neutral zone.
15:46 of 3rd period - Shot by Artemi Panarin.
15:46 of 3rd period - Goal by Artemi Panarin - SAN DIEGO THUNDER : 2 - SASKATOON DUCKS : 6.
15:47 of 3rd period - Sidney Crosby wins face-off versus Frank Vatrano in neutral zone.
16:26 of 3rd period - Shot by Isac Lundestrom.
16:26 of 3rd period - Stopped by Anton Forsberg with a rebound.
16:29 of 3rd period - Minor Penalty to Brent Burns for Tripping.
16:30 of 3rd period - Ryan Strome wins face-off versus Drake Batherson in SASKATOON DUCKS zone.
17:12 of 3rd period - Ryan Strome is hit by Joel Farabee and loses puck.
18:00 of 3rd period - Shot by Wyatt Johnston.
18:00 of 3rd period - Shot Misses the Net.
18:02 of 3rd period - Shot by Derek Forbort.
18:02 of 3rd period - Shot Blocked by Jaycob Megna.
18:16 of 3rd period - Shot by Frank Vatrano.
18:16 of 3rd period - Shot Blocked by Samuel Girard.
18:18 of 3rd period - Shot by Frank Vatrano.
18:18 of 3rd period - Shot Misses the Net.
18:20 of 3rd period - Shot by Erik Cernak.
18:20 of 3rd period - Stopped by Anton Forsberg without a rebound.
18:21 of 3rd period - Mark Kastelic wins face-off versus Ivan Barbashev in SASKATOON DUCKS zone.
18:24 of 3rd period - Shot by Derek Forbort.
18:24 of 3rd period - Shot Misses the Net.
19:02 of 3rd period - Icing by Alexandre Carrier.
19:03 of 3rd period - Mark Kastelic wins face-off versus Ryan Strome in SAN DIEGO THUNDER zone.
19:03 of 3rd period - Adam Boqvist is hit by Kailer Yamamoto and loses puck.
19:31 of 3rd period - Artemi Panarin is hit by Alexandre Carrier and loses puck.
Goals for this period are 1 for SAN DIEGO THUNDER vs 2 for SASKATOON DUCKS.
Shots for this period are 7 for SAN DIEGO THUNDER vs 13 for SASKATOON DUCKS.


BLAKE
WHEELER
STEVEN
STAMKOS
DREW
DOUGHTY

EAST COAST

HOCKEY LEAGUE

  • 63.RHI2PIT5
  • 64.WOR4ATL3
  • 65.QUECHW
  • 66.CHATRV